 Dungeon Crawl Stone Soup version 0.28.0-47-ge53b351184 (webtiles) character file.

Game seed: 15318461071710539162

33 Hrothgar the Sneak (level 3, -1/29 HPs)
             Began as a Draconian Brigand on Apr 26, 2022.
             Was an Initiate of Yredelemnul.
             Slain by a gnoll
             ... wielding a +0 flail
              (6 damage)
             ... on level 2 of the Dungeon.
             The game lasted 00:10:08 (1732 turns).

Hrothgar the Sneak (Draconian Brigand)              Turns: 1732, Time: 00:10:10

Health: -1/29      AC:  6    Str: 13    XL:     3   Next: 12%
Magic:  3/3        EV: 11    Int: 13    God:    Yredelemnul [......]
Gold:   73         SH:  0    Dex: 12    Spells: 1/2 levels left

rFire   . . .      SeeInvis .   a - +2 dagger
rCold   . . .      Faith    .   (no shield)
rNeg    . . .      Spirit   .   (armour unavailable)
rPois   .          Reflect  .   (helmet restricted)
rElec   .          Harm     .   b - +0 cloak
rCorr   .          Rampage  .   (no gloves)
Will    .....                   (no boots)
Stlth   ++........              (no amulet)
HPRegen 0.09/turn               (no ring)
MPRegen 0.08/turn               (no ring)

@: studying Earth Magic
A: AC +5, unfitting armour, cold-blooded
a: Renounce Religion, Recall Undead Harvest


You were on level 2 of the Dungeon.
You worshipped Yredelemnul.
Yredelemnul was noncommittal.
You visited 1 branch of the dungeon, and saw 2 of its levels.

You collected 73 gold pieces.

Inventory:

Hand Weapons
 a - a +2 dagger (weapon)
Missiles
 c - 8 poisoned darts
 d - 2 curare-tipped darts
 f - 37 sling bullets
 g - 5 boomerangs (quivered)
Armour
 b - a +0 cloak (worn)
Scrolls
 e - a scroll of identify
 h - a scroll of teleportation


   Skills:
 * Level 2.3 Fighting
 * Level 2.2 Short Blades
 * Level 2.0 Throwing
 * Level 1.0 Dodging
 * Level 4.2 Stealth
 * Level 0.2 Spellcasting
 * Level 0.1 Transmutations
 * Level 0.3 Invocations


You had one spell level left.
You knew the following spells:

 Your Spells              Type           Power      Damage    Failure   Level
a - Beastly Appendage     Tmut           0%         N/A       30%         1

Your spell library contained the following spells:

 Spells                   Type           Power      Damage    Failure   Level
 Wereblood                Tmut           0%         N/A       41%         2
 Spider Form              Tmut/Pois      0%         N/A       65%         3


Dungeon Overview and Level Annotations

Branches:
Dungeon (2/15)

Altars:
Ashenzari
Yredelemnul


Innate Abilities, Weirdness & Mutations

Your plain brown scales are hard. (AC +5)
You cannot fit into any form of body armour.
You are cold-blooded and may be slowed by cold attacks.


Message History

The gnoll is moderately wounded.
The gnoll hits something with a +0 halberd.
Something barely misses the gnoll.
You hit the gnoll but do no damage.
The gnoll is moderately wounded.
The gnoll hits something with a +0 halberd.
The gnoll completely misses you.
Something hits the gnoll.
You hit the gnoll.
The gnoll is moderately wounded.
The gnoll closely misses you.
The gnoll hits something with a +0 halberd!
The gnoll closely misses you.
You barely miss the gnoll.
The gnoll is moderately wounded.
The gnoll hits you with a +0 flail.
The gnoll barely misses something.
You hit the gnoll.
The gnoll is heavily wounded.
The gnoll barely misses you.
Something hits the gnoll but does no damage.
The gnoll closely misses you.
The gnoll hits something with a +0 halberd.
You barely miss the gnoll.
The gnoll is heavily wounded.
The gnoll hits you with a +0 club. The gnoll barely misses you.
Something closely misses the gnoll.
The gnoll hits something with a +0 halberd!!
You hit the gnoll.
The gnoll is severely wounded.
The gnoll hits you with a +0 club. The gnoll barely misses you.
You hit the gnoll but do no damage.
The gnoll is heavily wounded.
The gnoll hits something with a +0 halberd!
The gnoll hits you with a +0 club. The gnoll hits you but does no damage.
You closely miss the gnoll.
The gnoll is heavily wounded.
The gnoll hits you with a +0 club.
* * * LOW HITPOINT WARNING * * *
The gnoll hits you with a +0 flail.
You die...
Your body rises from the dead as a mindless zombie.

..#.#. #.....##. #.....#
#[.....##
#.#.#..#########.....Z..
#..............######.#.
###............######...
...............)).......
#####..........#########
...##..........#
#.....@#Z######
####..gg......
##......... #......#.#
##........ #..##.#.#
.... .... # .... #.# ##


You could see 2 gnolls.

Vanquished Creatures
  A worm (D:2)
  A dart slug (D:1)
  A ball python (D:2)
  3 endoplasms
  2 giant cockroaches
  2 goblins (D:2)
  3 hobgoblins
  4 kobolds
  2 quokkas (D:2)
  2 bats (D:1)
21 creatures vanquished.

Vanquished Creatures (collateral kills)
  A goblin (D:2)
  A hobgoblin (D:2)
  A ball python (D:2)
  A bat (D:2)
4 creatures vanquished.

Vanquished Creatures (others)
  A giant cockroach zombie (D:2)
  2 hobgoblin zombies (D:2)
  A kobold zombie (D:2)
  A quokka zombie (D:2)
  A spectral endoplasm (D:2)
  9 toadstools (D:2)
15 creatures vanquished.

Grand Total: 40 creatures vanquished

Notes
Turn   | Place    | Note
-------+----------+-------------------------------------------
     0 | D:1      | Hrothgar the Draconian Brigand began the quest for the Orb.
     0 | D:1      | Reached XP level 1. HP: 17/17 MP: 1/1
   213 | D:1      | Reached skill level 1 in Dodging
   420 | D:1      | Found a faded altar of an unknown god.
   451 | D:1      | Prayed at the altar of an unknown god.
   451 | D:1      | Became a worshipper of Yredelemnul the Dark
   451 | D:1      | Reached * piety under Yredelemnul
   857 | D:1      | Reached XP level 2. HP: 24/24 MP: 2/2
  1154 | D:2      | Reached skill level 4 in Stealth
  1213 | D:2      | Found a broken altar of Ashenzari.
  1235 | D:2      | Learned a level 1 spell: Beastly Appendage
  1661 | D:2      | Reached XP level 3. HP: 23/29 MP: 3/3
  1732 | D:2      | Slain by a gnoll

Illustrated notes

Levels and vault maps discovered:
D:1:      sevenhm_arrival_forest_fort_large_2, layout_loops_corners,
          shapermc_ecumenical_altar_totnotflames
D:2:      cheibrodos_fertilizer, layout_rooms, serial_glass, glass_columns_a,
          glass_columns_b, glass_columns_b, glass_columns_b, basic_altar,
          minmay_randomly_rotated_circles

Skill      XL: |  1  2  3 |
---------------+----------+-----
Dodging        | 1 |  1.0
Stealth        | 4 |  4.2
Throwing       | 2 |  2.0
Fighting       | |  2.3
Short Blades   | |  2.2
Spellcasting   | |  0.2
Transmutations | |  0.1
Invocations    | |  0.3

Action                   || total
-------------------------++-------
Melee: Dagger            ||    56
       Tailslap          ||     9
Throw: Dart              ||    14
       Boomerang         ||     9
Invok: Recall Undead Har ||     1
  Use: Scroll            ||     4
 Stab: Sleeping          ||     2
Armor: Skin              ||    32
Dodge: Dodged            ||    29
